 Dungeon Crawl Stone Soup version 0.19.5 (webtiles) character file.

856 McKennaii the Magician (level 7, -6/36 HPs)
             Began as a Deep Elf Fire Elementalist on May 14, 2017.
             Mangled by an iguana (11 damage)
             ... on level 5 of the Dungeon.
             The game lasted 00:13:04 (3237 turns).

McKennaii the Magician (Deep Elf Fire Elementalist) Turns: 3237, Time: 00:13:04

Health: -6/36      AC:  3    Str:  5    XL:     7   Next: 70%
Magic:  15/19      EV: 14    Int: 22    God:
Gold:   182        SH:  0    Dex: 15    Spells: 3 memorised, 14 levels left

rFire  . . .     SeeInvis .     (no weapon)
rCold  . . .     Gourm    .     a - +0 robe
rNeg   + . .     Faith    .     (no shield)
rPois  +         Spirit   .     k - +0 helmet
rElec  .         Reflect  .     (no cloak)
rCorr  .         Harm     .     (no gloves)
MR     .....                    (no boots)
Stlth  +++.......               (no amulet)
                                x - ring of positive energy
                                r - ring of poison resistance

@: no status effects
A: no striking features
a: no special abilities


You were on level 5 of the Dungeon.
You were near starving.

You visited 1 branch of the dungeon, and saw 5 of its levels.

You collected 182 gold pieces.

Inventory:

Armour
 a - a +0 robe (worn)
 k - a +0 helmet (worn)
Jewellery
 r - a ring of poison resistance (left hand)
 x - a ring of positive energy (right hand)
 y - an uncursed ring of fire {unknown}
Scrolls
 d - 2 scrolls of remove curse
 f - 3 scrolls of random uselessness {unknown}
 h - 2 scrolls of teleportation {unknown}
 i - 9 scrolls of identify {unknown}
 l - 3 scrolls of immolation {unknown}
 m - 4 scrolls of amnesia {unknown}
 n - a scroll of enchant armour {unknown}
 p - a scroll of enchant weapon {unknown}
 q - a scroll of magic mapping {unknown}
 s - a scroll of fog {unknown}
Potions
 e - 4 potions of curing {unknown}
 g - 2 potions of berserk rage {unknown}
 j - 2 potions of lignification {unknown}
 o - a potion of mutation {unknown}
 u - a potion of heal wounds {unknown}
 v - 3 potions of flight {unknown}
 A - a potion of brilliance {unknown}
 B - a potion of magic {unknown}
Books
 b - a book of Flames

   Spells                             Type                      Level
   a - Flame Tongue                   Conjuration/Fire             1
   b - Throw Flame                    Conjuration/Fire             2
   c - Conjure Flame                  Conjuration/Fire             3
   d - Inner Flame                    Hexes/Fire                   3
   e - Sticky Flame                   Conjuration/Fire             4
   f - Fireball                       Conjuration/Fire             5
Comestibles
 c - a bread ration
 t - a royal jelly
 w - a meat ration
 z - a beef jerky


   Skills:
 + Level 3.8 Dodging
 + Level 3.7 Stealth
 + Level 7.1 Spellcasting
 + Level 4.5 Conjurations
 + Level 6.1 Fire Magic


You had 14 spell levels left.
You knew the following spells:

 Your Spells              Type           Power        Failure   Level  Hunger
a - Flame Tongue          Conj/Fire      ####.        1%          1    None
b - Throw Flame           Conj/Fire      ####..       1%          2    None
c - Conjure Flame         Conj/Fire      ####....     2%          3    None


Dungeon Overview and Level Annotations

Branches:
Dungeon (5/15)
 Temple: D:4-7

Altars:
Nemelex Xobeh

Shops:
D:4 %

Annotations:
D:3 Grinder


Message History

The iguana bites you!
Casting: Flame Tongue
Confirm with . or Enter, or press ? or * to list all spells.
Aiming: Flame Tongue
Press: ? - help, Shift-Dir - straight line, f - jelly
Aim: a jelly The flame tongue hits the jelly.
The jelly is almost dead.
The iguana bites you!
* * * LOW HITPOINT WARNING * * *
Casting: Flame Tongue
Confirm with . or Enter, or press ? or * to list all spells.
Aiming: Flame Tongue
Press: ? - help, Shift-Dir - straight line, f/p - jelly
Aim: a jelly (almost dead)
The flame tongue hits the jelly.
You kill the jelly!
The iguana closely misses you. The iguana bites you!
You die...

#. ......# #.
...$..# #.
......# #.
......# #.
....... #.
.......
######†#.......
.......@.......
.......l.#..###
..>...##... #
...... ##...
..... ...#
#...# .... #...
### ##.


You could see an iguana.

Vanquished Creatures
  Pikel (D:4)
  A howler monkey (D:5)
  A jelly (D:5)
  A bullfrog skeleton (D:4)
  A centaur skeleton (D:4)
  Jessica (D:3)
  Ijyb (D:3)
  Natasha (twice) (D:2)
  2 worker ants (D:4)
  2 adders
  An ooze (D:3)
  2 worms
  4 dart slugs
  3 leopard geckos
  3 orcs
  5 giant cockroaches
  10 goblins
  8 hobgoblins
  12 jackals
  7 kobolds
  3 quokkas
  5 bats
  2 frilled lizards
  A leopard gecko skeleton (D:4)
  7 rats
86 creatures vanquished.

Notes
Turn   | Place    | Note
-------+----------+-------------------------------------------
     0 | D:1      | McKennaii the Deep Elf Fire Elementalist began the quest for the Orb.
     0 | D:1      | Reached XP level 1. HP: 10/10 MP: 6/6
   142 | D:1      | Reached XP level 2. HP: 15/15 MP: 1/8
   504 | D:1      | Found a sparkling altar of Nemelex Xobeh.
   775 | D:2      | Reached XP level 3. HP: 8/19 MP: 0/10
   957 | D:2      | Noticed Natasha
   965 | D:2      | Killed Natasha
   965 | D:2      | Reached skill level 4 in Spellcasting
  1038 | D:2      | Reached XP level 4. HP: 17/24 MP: 10/12
  1584 | D:2      | Noticed Natasha
  1588 | D:2      | Killed Natasha
  1674 | D:3      | Reached XP level 5. HP: 25/28 MP: 5/13
  1713 | D:3      | Noticed Jessica
  1718 | D:3      | Learned a level 2 spell: Throw Flame
  1722 | D:3      | Learned a level 3 spell: Conjure Flame
  1728 | D:3      | Killed Jessica
  1850 | D:3      | Noticed Ijyb
  1874 | D:3      | Killed Ijyb
  2175 | D:3      | Noticed Grinder
  2182 | D:3      | Paralysed by Grinder for 6 turns
  2423 | D:4      | Reached skill level 5 in Spellcasting
  2435 | D:4      | Found Noimm's Food Boutique.
  2494 | D:4      | Reached XP level 6. HP: 32/32 MP: 10/15
  2515 | D:4      | Noticed a slave
  2517 | D:4      | Noticed a slave
  2518 | D:4      | Noticed Pikel
  2520 | D:4      | Noticed a slave
  2523 | D:4      | Noticed a slave
  2524 | D:4      | Reached skill level 5 in Fire Magic
  2582 | D:4      | Killed Pikel
  2582 | D:4      | Reached skill level 6 in Spellcasting
  2582 | D:4      | Reached XP level 7. HP: 36/36 MP: 2/19
  2882 | D:4      | Reached skill level 7 in Spellcasting
  3232 | D:5      | Entered Level 5 of the Dungeon
  3237 | D:5      | Mangled by an iguana

Skill      XL: |  1  2  3  4  5  6  7 |
---------------+----------------------+-----
Fire Magic     | 4 5 6 |  6.1
Spellcasting   | 4 5 6 7 |  7.1
Dodging        | 3 |  3.8
Conjurations   | 2 4 |  4.5
Stealth        | 3 |  3.7

Action                   |  1- 3 |  4- 6 |  7- 9 || total
-------------------------+-------+-------+-------++-------
Melee: Unarmed           |     3 |       |     1 ||     4
 Cast: Flame Tongue      |    55 |   120 |    24 ||   199
       Throw Flame       |       |    14 |       ||    14
       Conjure Flame     |       |     1 |       ||     1
  Use: Scroll            |       |       |     1 ||     1
  Eat: Chunk             |       |     4 |     1 ||     5
Armor: Robe              |    12 |    18 |       ||    30
Dodge: Dodged            |    30 |    43 |    17 ||    90
